 Seeded DCSS version 0.27.0-1-g7a089689b8 (webtiles) character file.

Game seed: 69 (custom seed)

16 ZenoRockbell the Shield-Bearer (level 2, 0/27 HPs)
             Began as a Minotaur Fighter on Aug 7, 2021.
             Slain by a gnoll (8 damage)
             ... on level 1 of the Dungeon.
             The game lasted 00:02:47 (323 turns).

ZenoRockbell the Shield-Bearer (Minotaur Fighter)    Turns: 323, Time: 00:02:47

Health: 0/27       AC:  7    Str: 20    XL:     2   Next: 37%
Magic:  1/1        EV:  7    Int: 11    God:
Gold:   45         SH:  9    Dex:  9    Spells: 1/1 levels left

rFire    . . .     SeeInvis .   a - +0 long sword
rCold    + . .     Faith    .   c - +0 kite shield
rNeg     . . .     Spirit   .   b - +0 scale mail
rPois    .         Reflect  .   (helmet restricted)
rElec    .         Harm     .   (no cloak)
rCorr    .         Rampage  .   (no gloves)
Will     .....                  (no boots)
Stlth    ..........             (no amulet)
HPRegen  0.09/turn              g - +6 ring of intelligence
MPRegen  0.07/turn              f - ring of protection from cold

@: very slow
A: horns 2, retaliatory headbutt
a: no special abilities


You were on level 1 of the Dungeon.
You visited 1 branch of the dungeon, and saw 1 of its levels.

You collected 45 gold pieces.

Inventory:

Hand Weapons
 a - a +0 long sword (weapon)
 e - a +0 short sword
Armour
 b - a +0 scale mail (worn)
 c - a +0 kite shield (worn)
Jewellery
 f - a ring of protection from cold (right hand)
 g - a +6 ring of intelligence (left hand)
Scrolls
 h - a scroll of teleportation
Potions
 d - a potion of might


   Skills:
 + Level 3.7 Fighting
 * Level 2.6 Long Blades
 * Level 3.9 Armour
 * Level 0.3 Dodging
 * Level 4.1 Shields


You had one spell level left.
You didn't know any spells.
Your spell library was empty.

Dungeon Overview and Level Annotations

Branches:
Dungeon (1/15)

Altars:


Innate Abilities, Weirdness & Mutations

You have a pair of horns on your head.
You reflexively headbutt those who attack you in melee.


Message History

You kill the dart slug!
You see here a dart slug corpse.
Found 21 arrows.
You enter the shallow water.
Moving in this stuff is going to be slow.
Found a garnet ring.
You enter the shallow water.
Moving in this stuff is going to be slow.
f - a ring of protection from cold
f - a ring of protection from cold (right hand)
You enter the shallow water.
Moving in this stuff is going to be slow.
A gnoll comes into view.
It is wielding a +2 flail of protection.
The gnoll shouts!
A kobold comes into view. It is wielding a +0 club.
Your unstable footing causes you to fumble your attack.
The kobold shouts!
The gnoll hits you with a +2 flail of protection.
You barely miss the gnoll. You headbutt the gnoll.
The gnoll is moderately wounded.
You block the gnoll's attack.
You hit the gnoll but do no damage.
You headbutt the gnoll, but do no damage.
The gnoll is moderately wounded.
The gnoll hits you with a +2 flail of protection.
You block the gnoll's attack.
You hit the gnoll.
The gnoll is severely wounded.
The gnoll splashes around in the water.
You block the kobold's attack.
Your unstable footing causes you to fumble your attack.
The gnoll hits you but does no damage. The kobold hits you with a +0 club.
The gnoll splashes around in the water.
The kobold hits you but does no damage.
Your unstable footing causes you to fumble your attack.
You block the gnoll's attack. The kobold hits you but does no damage.
Your unstable footing causes you to fumble your attack.
The gnoll hits you with a +2 flail of protection!
* * * LOW HITPOINT WARNING * * *
The kobold hits you but does no damage.
The gnoll hits you with a +2 flail of protection!
You die...

#..# ..## ####..##
♣.≈♣ #....... ♣♣≈.♣
#....... ♣≈≈P #.......
## ♣P≈♣ #....... . ..
♣♣♣♣.♣♣♣♣♣♣##.###
#...#≈♣♣.P≈..♣♣≈♣♣...#
#...g@≈≈≈≈≈≈≈≈.....#
###♣K♣♣≈≈≈≈♣♣.P♣...#
♣♣ ♣♣P.P♣♣♣♣♣...#
♣♣≈.♣ ♣....# ♣≈.P♣
#....# ♣♣.≈♣###(...#
♣.♣♣.......#
#....####### ######


You could see a gnoll and a kobold.

Vanquished Creatures
  A dart slug (D:1)
  2 ball pythons (D:1)
  An endoplasm (D:1)
  A goblin (D:1)
  3 hobgoblins (D:1)
  2 kobolds (D:1)
  A frilled lizard (D:1)
11 creatures vanquished.

Notes
Turn   | Place    | Note
-------+----------+-------------------------------------------
     0 | D:1      | ZenoRockbell the Minotaur Fighter began the quest for the
                  | Orb.
     0 | D:1      | Reached XP level 1. HP: 19/19 MP: 0/0
   171 | D:1      | Reached XP level 2. HP: 19/27 MP: 1/1
   191 | D:1      | Reached skill level 4 in Shields
   323 | D:1      | Slain by a gnoll

Illustrated notes

Levels and vault maps discovered:
D:1:      mainiacjoe_arrival_reflecting_pool, layout_rooms,
          serial_bayou_crossing

Skill      XL: |  1  2 |
---------------+-------+-----
Shields        | 4 |  4.1
Fighting       | |  3.7
Long Blades    | |  2.6
Armour         | |  3.9
Dodging        | |  0.3

Action                   || total
-------------------------++-------
Melee: Long sword        ||    27
       Headbutt          ||     4
  Use: Scroll            ||     1
Armor: Scale mail        ||    19
Dodge: Dodged            ||     7
Block: Kite shield       ||    22
       Rpst.: Long sword ||     1
